Map: Alcyone LE

Players

ZappyMAVRICK - Winner!

  • Race: Terran Terran
  • Spawn Location: 7:00

VOD

Have the link to the VOD?

Description

Time

  • Played on: Sept. 30, 2024, 8:04 p.m.
  • Length: 72:22
Show
View Real Time Build Order
Export as new Build Order

ZappyMAVRICK Terran - Winner!

Build Orders:  

Get SALT Encoding   

  12  0:12  SCV  
  13  0:28  Supply Depot  
  13  0:29  SCV  
  14  0:48  SCV  
  15  1:05  SCV  
  15  1:08  Barracks  
  16  1:22  SCV  
  17  1:31  Refinery  
  17  1:39  SCV  
  18  1:56  SCV  
  19  2:05  Engineering Bay  
  19  2:13  SCV  
  19  2:19  Supply Depot  
  20  2:21  Supply Depot  
  20  2:30  SCV  
  22  2:52  Supply Depot  
  22  2:54  Reaper  
  22  3:09  SCV  
  23  3:26  SCV, Barracks  
  24  3:35  Barracks Tech Lab  
  24  3:42  SCV  
  25  3:59  SCV  
  26  4:05  Unknown  
  26  4:08  Marine  
  27  4:11  Command Center  
  27  4:17  SCV  
  28  4:33  Marine  
  28  4:34  SCV  
  30  4:45  Unknown  
  29  4:51  SCV  
  29  4:58  Marine  
  31  5:05  Barracks Reactor  
  31  5:13  Terran Infantry Weapons Level 1  
  31  5:18  Refinery  
  31  5:19  SCV  
  32  5:35  SCV  
  33  5:41  Barracks  
  33  5:52  SCV  
  33  5:54  SCV  
  35  6:09  SCV  
  36  6:11  SCV  
  37  6:26  SCV  
  37  6:28  SCV  
  39  6:32  Marine x3  
  42  6:43  SCV  
  42  6:45  SCV  
  44  6:57  Marine x3  
  47  7:00  SCV  
  47  7:02  SCV  
  47  7:03  Factory  
  49  7:10  Refinery  
  49  7:17  SCV  
  49  7:19  SCV  
  51  7:22  Marine x3  
  54  7:36  Barracks Reactor  
  54  7:47  Marine x3  
  57  7:53  Terran Infantry Armor Level 1  
  57  8:10  Factory Tech Lab  
  57  8:12  Marine x3  
  60  8:20  Command Center  
  60  8:21  Armory  
  60  8:29  SCV  
  61  8:36  Marine  
  62  8:51  Supply Depot  
  62  8:54  Supply Depot  
  62  8:57  Supply Depot  
  62  8:58  Supply Depot  
  62  9:20  Marine  
  62  9:21  SCV, Siege Tank, Marine x4  
  61  9:38  SCV  
  51  9:45  Marine  
  51  9:46  Marine x4  
  44  9:55  SCV, Siege Tank  
  45  10:06  Siege Tank  
  43  10:10  Marine  
  43  10:11  Marine x3  
  43  10:12  SCV  
  43  10:19  Marine  
  47  10:29  SCV  
  47  10:35  Marine  
  47  10:36  Marine x3  
  51  10:44  Marine  
  51  10:46  SCV  
  53  10:51  Siege Tank  
  56  11:00  Marine  
  56  11:01  Marine x3  
  56  11:02  SCV  
  56  11:03  SCV  
  56  11:09  Marine  
  63  11:19  SCV  
  64  11:20  SCV  
  64  11:25  Marine  
  64  11:26  Marine x3  
  69  11:33  Terran Vehicle Weapons Level 1  
  69  11:34  Marine  
  69  11:36  SCV  
  69  11:37  SCV  
  72  11:50  Marine  
  72  11:51  Marine x3  
  72  11:53  Structure Armor, SCV  
  72  11:54  SCV  
  78  12:10  SCV  
  78  12:11  SCV  
  78  12:17  Unknown  
  80  12:24  Marine x5  
  80  12:27  SCV  
  86  12:44  SCV  
  86  12:48  Hellion, Marine  
  86  12:49  Marine x3  
  93  12:53  Terran Infantry Weapons Level 2  
  93  13:01  SCV  
  94  13:18  SCV, Hellion  
  97  13:27  Barracks  
  97  13:34  SCV  
  97  13:37  Stimpack  
  98  13:48  Hellion  
  100  13:51  SCV  
  101  14:08  SCV  
  101  14:18  Hellion  
  101  14:19  Marine x3  
  106  14:20  Marine x2  
  108  14:42  Supply Depot  
  108  14:44  Marine  
  108  14:46  Supply Depot  
  109  14:50  Supply Depot  
  109  14:52  Supply Depot  
  109  15:12  Marine x5, Hellion  
  109  15:18  SCV  
  117  15:33  Barracks Tech Lab  
  117  15:35  SCV  
  117  15:36  Barracks Reactor  
  117  15:37  Marine x5  
  123  15:42  Hellion  
  125  15:52  SCV  
  126  16:02  Marine x5  
  126  16:09  SCV  
  132  16:12  Hellion  
  132  16:13  Terran Vehicle Weapons Level 2, Starport  
  132  16:16  Terran Infantry Weapons Level 3  
  134  16:25  SCV  
  134  16:27  Marine x5  
  140  16:32  Marine  
  141  16:54  Supply Depot  
  141  16:58  Supply Depot  
  141  17:04  Supply Depot  
  141  17:24  SCV, Marine x5, Hellion  
  141  17:28  Marine x2  
  151  17:41  SCV  
  151  17:48  Marine x2  
  151  17:49  Marine x3  
  157  17:53  Marine x2  
  157  17:54  Hellion  
  157  17:55  Medivac  
  163  18:13  Marine x2  
  165  18:34  Supply Depot  
  165  18:36  Supply Depot  
  165  18:38  Supply Depot  
  165  19:01  Barracks  
  165  19:04  SCV, Medivac, Marine x3, Hellion  
  165  19:06  Marine x4  
  177  19:21  SCV  
  177  19:23  Terran Vehicle And Ship Armor Level 1  
  178  19:33  Marine  
  178  19:34  Marine  
  178  19:35  Marine x3  
  178  19:37  Marine x2  
  178  19:38  SCV  
  174  19:56  Terran Infantry Armor Level 2  
  174  20:12  Command Center  
  174  20:19  Marine x2  
  174  20:21  Hellion  
  174  20:22  SCV, Marine  
  174  20:23  Marine x2  
  174  20:24  Marine  
  174  20:26  Medivac, Marine  
  173  20:39  SCV  
  174  20:47  Barracks Reactor  
  174  20:56  Supply Depot  
  174  21:26  SCV, Medivac, Marine x3, Hellion  
  174  21:27  Supply Depot  
  182  21:52  SCV, Marine x7  
  182  21:56  Hellion  
  182  21:58  Supply Depot  
  192  22:07  SCV  
  192  22:08  Medivac  
  192  22:09  SCV  
  196  22:17  Marine x4  
  200  22:30  Supply Depot  
  75  24:20  Marine  
  75  24:21  Marine x4  
  75  24:22  Marine x2  
  76  24:30  Thor  
  76  24:35  Medivac  
  84  24:45  Marine  
  84  24:46  Marine x4  
  84  24:47  Marine x2  
  91  25:00  SCV  
  91  25:08  Barracks  
  92  25:10  Marine  
  92  25:11  Marine x4  
  92  25:12  Marine x2  
  92  25:16  Refinery  
  92  25:17  SCV, Medivac  
  102  25:21  SCV  
  102  25:28  Terran Infantry Armor Level 3  
  103  25:30  Thor, Terran Vehicle Weapons Level 3  
  103  25:33  SCV  
  103  25:35  Marine  
  103  25:36  Marine x4  
  103  25:37  Marine x2  
  103  25:38  SCV  
  118  25:50  SCV  
  118  25:53  Marine  
  118  25:54  Marine  
  118  25:55  SCV  
  118  25:59  Medivac  
  124  26:00  Siege Tank, Marine x2  
  124  26:01  Marine x3  
  124  26:02  Marine x2  
  124  26:04  Siege Tank  
  131  26:12  SCV, Factory  
  131  26:18  Barracks Reactor, Marine  
  131  26:19  Marine  
  134  26:25  Marine x2  
  134  26:26  Marine x3  
  134  26:27  Marine x2  
  134  26:29  SCV  
  142  26:30  Thor  
  148  26:41  Medivac  
  148  26:43  Marine x2  
  152  26:50  Marine x2  
  152  26:51  Marine x4  
  152  26:52  Marine  
  159  27:07  Refinery  
  159  27:08  Marine x2  
  161  27:11  Refinery  
  161  27:15  Marine x3  
  161  27:16  Marine x3  
  161  27:17  Marine  
  168  27:23  Medivac  
  170  27:30  Thor  
  170  27:33  Marine x2  
  178  27:40  Marine x3  
  178  27:41  Marine x4  
  178  27:42  Refinery  
  178  27:43  Marine x2  
  187  27:58  Marine x2  
  189  28:05  Medivac, Marine x3  
  189  28:06  Marine x4  
  189  28:08  Marine x2  
  197  28:23  Marine x2  
  193  28:30  Marine x3, Thor  
  193  28:31  Marine x2  
  193  28:33  Marine x2  
  184  28:47  Medivac  
  184  28:48  Marine x2  
  188  28:55  Marine  
  188  28:56  Marine x2  
  188  28:57  Command Center  
  188  28:58  Marine x3  
  188  28:59  Marine x3  
  197  29:10  Terran Vehicle And Ship Armor Level 2  
  197  29:13  Marine x2  
  199  29:20  Marine  
  200  29:41  Factory Reactor  
  200  30:45  Thor x3  
  122  31:52  Marine  
  122  31:53  Marine x5  
  122  31:54  Marine  
  122  31:55  Marine x4  
  124  32:04  Thor  
  124  32:08  Starport Reactor  
  129  32:17  Marine x2  
  129  32:18  Marine x4  
  129  32:19  Marine x2  
  136  32:20  Marine x3  
  139  32:42  Marine x2  
  139  32:43  Marine x4  
  139  32:44  Marine x3  
  139  32:45  Marine x2  
  137  33:04  Thor  
  137  33:07  Marine x2  
  137  33:08  Marine x3  
  129  33:19  Marine x4  
  130  33:20  Marine x2  
  132  33:32  Marine x2  
  132  33:33  SCV, Marine x3  
  138  33:44  Marine x4  
  138  33:45  Marine x2  
  144  33:50  SCV  
  144  33:57  Marine x2  
  144  33:58  Marine x3  
  150  34:03  Thor  
  150  34:07  SCV  
  150  34:09  Marine x4  
  161  34:10  Marine x2  
  161  34:14  Hellion x2  
  167  34:22  Marine x3  
  167  34:24  SCV  
  171  34:33  Medivac  
  171  34:34  Medivac  
  175  34:41  SCV  
  175  34:44  Hellion x2  
  180  35:03  Thor  
  186  35:14  Hellion  
  186  35:15  Medivac  
  186  35:16  Medivac  
  192  35:43  Command Center  
  192  35:44  SCV  
  193  35:57  Medivac  
  193  35:58  Medivac  
  197  36:01  SCV  
  198  36:18  SCV  
  199  36:35  SCV  
  139  37:57  Marine  
  139  37:58  Marine x3  
  139  37:59  Marine x4  
  147  38:00  Marine x3  
  137  38:19  Starport  
  127  38:22  Marine  
  127  38:23  Marine x2  
  86  39:13  Starport Tech Lab  
  86  39:14  Medivac x2  
  86  39:17  Marine x3  
  86  39:18  Marine x5  
  86  39:19  Marine x3  
  101  39:23  Thor  
  101  39:26  Hellion x2  
  111  39:36  SCV  
  112  39:42  Marine x3  
  112  39:43  Marine x5  
  112  39:44  Marine x3  
  123  39:52  SCV  
  123  39:56  Medivac x2, Hellion x2  
  132  40:07  Marine x4  
  132  40:08  Marine x5  
  132  40:09  SCV, Marine x2  
  144  40:21  Raven  
  144  40:23  Thor  
  144  40:26  SCV, Hellion x2  
  155  40:32  Marine x4  
  155  40:33  Marine x5  
  155  40:34  Marine  
  155  40:38  Medivac x2  
  171  40:43  SCV  
  172  40:50  Refinery  
  172  40:55  Refinery  
  172  41:01  Unknown  
  172  41:06  Marine x4  
  172  41:07  Marine x4  
  172  41:08  Marine  
  181  41:20  Medivac x2  
  181  41:22  Hellion x2  
  181  41:23  Thor  
  195  41:52  Hellion x2  
  197  42:18  Marine x4  
  197  42:19  Marine x5  
  173  42:20  Marine x2  
  173  42:23  Thor  
  169  42:43  Marine x5  
  169  42:44  Marine x4  
  169  42:45  Marine x2  
  169  42:49  SCV  
  181  43:04  Command Center  
  181  43:06  SCV  
  181  43:08  Marine x4  
  186  43:15  Marine x3  
  186  43:16  Marine x4  
  193  43:23  SCV, Thor  
  125  46:04  Terran Vehicle And Ship Armor Level 3  
  125  46:09  Marine  
  126  46:10  Marine x4  
  126  46:11  Marine x4  
  126  46:12  Marine x2  
  136  46:20  Raven  
  136  46:21  Thor  
  136  46:24  Hellion  
  136  46:25  Hellion  
  146  46:34  Marine  
  146  46:35  Marine x5  
  146  46:36  Marine x4  
  146  46:37  Medivac x2, Marine  
  163  46:54  Hellion  
  163  46:55  Hellion  
  163  46:59  Marine  
  168  47:00  Marine x5  
  168  47:01  Marine x4  
  168  47:02  Marine  
  176  47:19  Medivac  
  176  47:21  Thor  
  176  47:24  Hellion, Marine  
  176  47:25  Marine x5, Hellion  
  176  47:26  Marine x2  
  194  47:39  Marine x3  
  197  47:49  Marine x2  
  198  47:50  Marine  
  194  49:12  Marine x3  
  194  49:13  Marine x3  
  200  49:44  Terran Ship Weapons Level 1  
  147  51:07  Marine x3  
  147  51:08  Marine x5  
  147  51:09  Marine x3  
  158  51:32  Marine x3  
  158  51:33  Marine x5  
  158  51:34  Marine x3  
  169  51:57  Marine x4  
  169  51:58  Marine x4  
  169  51:59  Marine x3  
  180  52:18  Thor  
  186  52:21  Cyclone x2  
  186  52:22  Marine x4  
  186  52:23  Marine x4  
  186  52:24  Marine x2  
  200  52:34  Fusion Core  
  200  52:35  Terran Ship Weapons Level 2  
  200  52:46  Cloaking Field  
  200  53:36  Starport  
  200  53:42  Caduceus Reactor  
  200  53:45  Infernal Pre-Igniter  
  159  55:56  Unknown  
  146  56:03  Marine x3  
  146  56:04  Marine x5  
  146  56:05  Marine x3  
  153  56:21  Medivac x3  
  153  56:22  Weapon Refit  
  153  56:28  Marine x4  
  153  56:29  Marine x4  
  340  56:30  Marine x3  
  167  56:31  Starport Tech Lab  
  167  56:35  Drilling Claws, Unknown  
  167  56:38  Thor  
  176  56:41  Cyclone x2  
  180  56:53  Marine x4  
  180  56:54  Marine x5  
  180  56:55  Marine x2  
  191  57:02  Medivac  
  191  57:03  Medivac x2  
  197  57:18  Marine x2  
  192  57:20  Command Center  
  192  57:26  Cyclone x2  
  196  57:44  Medivac  
  196  57:45  Medivac  
  163  59:10  Marine  
  163  59:11  Marine x4  
  163  59:12  Marine x3  
  163  59:13  Marine x2  
  163  59:14  Marine  
  174  59:35  Marine  
  174  59:36  SCV, Marine x5  
  174  59:37  Marine x2  
  174  59:38  Marine x3  
  186  59:41  SCV  
  187  59:53  SCV  
  187  59:58  SCV  
  189  60:00  Marine  
  189  60:01  Marine x5  
  189  60:02  Marine x3  
  189  60:03  Marine x2  
  196  60:45  Unknown  
  173  61:36  Marine x5  
  173  61:37  Marine x3  
  173  61:38  Marine x2  
  184  61:40  Reaper  
  184  61:46  Thor  
  190  61:50  Cyclone x2  
  190  61:53  Battlecruiser  
  196  62:01  Marine x4  
  171  62:35  Cyclone x2  
  175  62:46  Thor  
  181  62:52  Unknown  
  178  63:20  Cyclone x2  
  178  63:23  Battlecruiser  
  188  63:46  Thor  
  194  64:05  Cyclone x2  
  198  64:10  Marine  
  198  64:11  Marine  
  200  65:25  Raven  
  186  68:31  Marine x3  
  186  68:32  Marine x3  
  186  68:33  Marine x3  
  186  68:34  Marine x2  
  197  68:56  Marine x3  
Tags
 
Matchup
Co-op
Add a new tag
Caveats
  • Supply blocks, unpowered buildings, or Contaminate may cause inaccurate times.
  • Supply counts are checked every 10 seconds.